 Dungeon Crawl Stone Soup version 0.20-a0-16-g0876c8e (webtiles) character file.

116 Kidiri the Magician (level 4, 0/24 HPs)
             Began as a Deep Elf Fire Elementalist on Nov 4, 2016.
             Succumbed to an adder's poison
             ... on level 2 of the Dungeon.
             The game lasted 00:08:16 (2274 turns).

Kidiri the Magician (Deep Elf Fire Elementalist)    Turns: 2274, Time: 00:08:16

Health: 0/24       AC:  5    Str:  5    XL:     4   Next: 69%
Magic:  0/13       EV: 18    Int: 21    God:
Gold:   98         SH:  0    Dex: 20    Spells: 4 memorised, 4 levels left

rFire  . . .     SeeInvis +     e - -1 dagger (curse)
rCold  . . .     Gourm    .     a - +0 robe
rNeg   . . .     Faith    .     (no shield)
rPois  .         Spirit   .     l - +2 helmet {SInv}
rElec  .         Reflect  .     (no cloak)
rCorr  .         Harm     .     (no gloves)
MR     .....                    (no boots)
Stlth  +++.......               (no amulet)
                                (no ring)
                                g - ring of flight

@: agile, lethally poisoned (0 -> -3), very slightly contaminated
A: no striking features
a: Evoke Flight


You were on level 2 of the Dungeon.
You were not hungry.

You visited 1 branch of the dungeon, and saw 2 of its levels.

You collected 98 gold pieces.

Inventory:

Hand Weapons
 d - a cursed -1 dagger
 e - a cursed -1 dagger (weapon)
 f - a +2 short sword of speed
 h - a +0 dagger
Armour
 a - a +0 robe (worn)
 l - a +2 helmet of see invisible (worn)
Jewellery
 g - a ring of flight (left hand)
Books
 b - a book of Flames

   Spells                             Type                      Level
   a - Flame Tongue                   Conjuration/Fire             1
   b - Throw Flame                    Conjuration/Fire             2
   c - Conjure Flame                  Conjuration/Fire             3
   d - Inner Flame                    Hexes/Fire                   3
   e - Sticky Flame                   Conjuration/Fire             4
   f - Fireball                       Conjuration/Fire             5
Comestibles
 c - 3 bread rations
 j - a meat ration
 m - 6 chunks of flesh


   Skills:
 - Level 2.4 Dodging
 - Level 2.4 Stealth
 * Level 5.1 Spellcasting
 + Level 2.4 Conjurations
 + Level 4.2 Fire Magic


You had 4 spell levels left.
You knew the following spells:

 Your Spells              Type           Power        Failure   Level  Hunger
a - Flame Tongue          Conj/Fire      ###..        2%          1    None
b - Throw Flame           Conj/Fire      ###...       4%          2    None
c - Conjure Flame         Conj/Fire      ###.....     10%         3    ##.....
d - Inner Flame           Hex/Fire       ##......     17%         3    ##.....


Dungeon Overview and Level Annotations

Branches:
Dungeon (2/15)

Altars:


Message History

You are no longer poisoned.
The adder closely misses you. The adder bites you but does no damage.
Casting: Flame Tongue
Confirm with . or Enter, or press ? or * to list all spells.
Aiming: Flame Tongue
Press: ? - help, Shift-Dir - straight line, f/p - adder
Aim: an adder (moderately wounded)
The flame tongue hits the adder.
The adder is heavily wounded.
The adder bites you.
* * * LOW HITPOINT WARNING * * *
You are lethally poisoned!
The adder poisons you!
It was a potion of agility.
You feel agile all of a sudden.
* * * LOW HITPOINT WARNING * * *
You feel sick. The adder misses you. The adder closely misses you.
You die...

#.######[# #.# ###.#### #.#
#.# #.#######..... #.# #.#
#.#....)...... #.# #.#
#.#>.......... ##.######.#
#...##########
#.......#.#######....####...
#..####.#.#.S...........)...
#.......#.#.#####....####.##
#.#......<#@########## #.#
#.#.......#....# #.#
##.#####........# #.#
#......#(###....# ########.#
##.###.#.# #....# #...†....#
#....#.#.# #....# #.########
##.#÷#.#.# #....# #.#
#.#...#.# ###### #'#
##.#####.##### ...


You could see an adder.

Vanquished Creatures
  Natasha (D:2)
  Robin (D:2)
  An adder (D:2)
  3 worms (D:2)
  A dart slug (D:1)
  3 leopard geckos
  2 giant cockroaches
  10 goblins
  11 hobgoblins
  2 jackals (D:2)
  6 kobolds
  A ball python (D:2)
  6 bats
  2 frilled lizards
  6 rats
56 creatures vanquished.

Notes
Turn   | Place    | Note
-------+----------+-------------------------------------------
     0 | D:1      | Kidiri the Deep Elf Fire Elementalist began the quest for the Orb.
     0 | D:1      | Reached XP level 1. HP: 10/10 MP: 6/6
   161 | D:1      | Reached XP level 2. HP: 15/15 MP: 1/8
   165 | D:1      | Learned a level 2 spell: Throw Flame
   684 | D:2      | Reached XP level 3. HP: 19/19 MP: 7/10
   689 | D:2      | Learned a level 3 spell: Conjure Flame
   693 | D:2      | Learned a level 3 spell: Inner Flame
  1082 | D:2      | Noticed Robin
  1227 | D:1      | Reached skill level 4 in Spellcasting
  1245 | D:1      | You fall through a shaft!
  1610 | D:2      | Killed Robin
  1897 | D:2      | Reached XP level 4. HP: 19/24 MP: 8/12
  2223 | D:2      | Noticed Natasha
  2228 | D:2      | Killed Natasha
  2228 | D:2      | Reached skill level 5 in Spellcasting
  2271 | D:2      | HP: 1/24 [poisoned by an adder]
  2274 | D:2      | Succumbed to an adder's poison

Vault maps used:
D:1:      matt_arrival_diagonals
D:2:      grunt_decor_cap, uniq_natasha, uniq_robin

Skill      XL: |  1  2  3  4 |
---------------+-------------+-----
Spellcasting   | 4 5 |  5.1
Conjurations   | 2 |  2.4
Fire Magic     | 4 |  4.2
Dodging        | |  2.4
Stealth        | |  2.4

Action                   |  1- 3 |  4- 6 || total
-------------------------+-------+-------++-------
Melee: Club              |     1 |       ||     1
       Unarmed           |     1 |       ||     1
       Dagger            |    23 |    12 ||    35
 Cast: Flame Tongue      |    62 |    19 ||    81
       Throw Flame       |    19 |     9 ||    28
       Conjure Flame     |     4 |       ||     4
  Use: Scroll            |     2 |       ||     2
       Potion            |       |     2 ||     2
 Stab: Sleeping          |     1 |       ||     1
  Eat: Chunk             |     3 |     2 ||     5
Armor: Robe              |    12 |    10 ||    22
Dodge: Dodged            |    38 |    21 ||    59
